AoeStats
← nkz ; banhoul

Arabia

508866968Analyzed
1v1 RM · 7d ago on Sep 24, 2026· 39m 34s· 2 players
Game mode
Random Map
Map size
Tiny (2 player)
Population
200
Speed
Normal
Resources
Standard
Victory
Conquest
Starting age
Dark Age
Ending age
Imperial Age
RankedLock teamsTeams togetherTeam positionsShared explorationLock speedFull tech treeHidden civsTurbo modeCheats
Victory
Defeat
🇺🇸 Vikings · United States
839
+15
🇦🇷 Vietnamese · Argentina
813
-39
nkz ; banhoul
8:00 Loom
9:59 Feudal Age
11:16 Double-Bit Axe
11:23 Gold Mining
13:22 Horse Collar
18:06 Fletching
23:03 Castle Age
21:50 Padded Archer Armor
23:20 Crossbowman
25:10 Bodkin Arrow
27:03 Scale Barding Armor
27:14 Leather Archer Armor
28:46 Bow Saw
28:53 Husbandry
30:10 Heavy Plow
34:35 Stone Mining
37:41 Ballistics
38:21 Elite Skirmisher
Jeffrey222
10:04 Loom
11:51 Feudal Age
19:35 Castle Age
18:45 Double-Bit Axe
19:04 Fletching
20:45 Elite Skirmisher
21:23 Bodkin Arrow
21:31 Padded Archer Armor
23:29 Leather Archer Armor
25:58 Bow Saw
25:43 Gold Mining
26:45 Ballistics
28:54 Gold Shaft Mining
28:23 Town Watch
39:58 Imperial Age
38:43 Town Patrol
Connection lost

Rejoining the realm…

Still unreachable

The connection could not be restored.

Session expired

The server has moved on; the page needs a fresh start.